 Dungeon Crawl Stone Soup version 0.28.0-43-g3370ac3207 (webtiles) character file.

Game seed: 11292834000553971727

77 pkoi the Gusty (level 3, 0/26 HPs)
             Began as a Demigod Air Elementalist on Mar 25, 2022.
             Slain by an adder (2 damage)
             ... on level 3 of the Dungeon.
             The game lasted 00:01:56 (2490 turns).

pkoi the Gusty (Demigod Air Elementalist)           Turns: 2490, Time: 00:01:57

Health: 0/26       AC:  2    Str:  9    XL:     3   Next: 92%
Magic:  1/8        EV: 12    Int: 21    God:
Gold:   86         SH:  0    Dex: 14    Spells: 4/5 levels left

rFire   . . .      SeeInvis .   f - +1 whip (drain)
rCold   . . .      Faith    .   (no shield)
rNeg    . . .      Spirit   .   a - +0 robe
rPois   .          Reflect  .   (no helmet)
rElec   .          Harm     .   (no cloak)
rCorr   .          Rampage  .   (no gloves)
Will    .....                   (no boots)
Stlth   ++........              (no amulet)
HPRegen 0.08/turn               (no ring)
MPRegen 0.11/turn               (no ring)

@: lethally poisoned (0 -> -5)
A: high MP 1, forlorn, divine attributes
a: no special abilities


You were on level 3 of the Dungeon.
You visited 1 branch of the dungeon, and saw 3 of its levels.

You collected 86 gold pieces.

Inventory:

Hand Weapons
 b - a +0 short sword
 f - a +1 whip of draining (weapon)
Armour
 a - a +0 robe (worn)
Scrolls
 g - 2 scrolls of teleportation
Potions
 h - a potion of might {unknown}


   Skills:
 - Level 1.7 Dodging
 - Level 1.7 Stealth
 - Level 1.7 Spellcasting
 - Level 0.8 Conjurations
 * Level 4.6 Air Magic


You had 4 spell levels left.
You knew the following spells:

 Your Spells              Type           Power      Damage    Failure   Level
a - Shock                 Conj/Air       52%        1d6       4%          1

Your spell library contained the following spells:

 Spells                   Type           Power      Damage    Failure   Level
 Swiftness                Air            21%        N/A       7%          3
 Static Discharge         Conj/Air       13%        N/A       8%          2
 Sandblast                Erth           2%         2d4       16%         1
 Passwall                 Tmut/Erth      0%         N/A       22%         2
 Airstrike                Air            10%        N/A       22%         4
 Stone Arrow              Conj/Erth      6%         3d7       36%         3
 Ozocubu's Armour         Ice            1%         N/A       41%         3
 Metabolic Englaciation   Hex/Ice        0%         N/A       99%         5
 Simulacrum               Ice/Necr       0%         N/A       100%        6


Dungeon Overview and Level Annotations

Branches:
Dungeon (3/15)

Shops:
D:2 *

Portals:
Sewer: D:3


Innate Abilities, Weirdness & Mutations

You have an increased reservoir of magic. (+10% MP)
You shall have no god before yourself.
Your divine heritage dramatically boosts your attributes as you level up.


Message History

Press: ? - help, Q - select action Shift-Dir - straight line, f - river rat
Aim: a river rat (severely wounded, 64% to hit)
The zap hits the river rat.
You kill the river rat!
The zap misses the adder.
The zap hits the rat.
You kill the rat!
The zap hits the river rat but does no damage.
The river rat is heavily wounded.
You feel sick.
Your magical contamination has completely faded away.
Aiming: Shock (safe; 4% risk of failure)
Press: ? - help, Q - select action Shift-Dir - straight line, f - adder
Aim: an adder (moderately wounded, 48% to hit)
The zap hits the adder.
The adder is almost dead.
The zap hits the river rat but does no damage.
The river rat is heavily wounded.
You feel sick.
You are no longer poisoned.
The adder closely misses you. The adder barely misses you.
Aiming: Shock (safe; 4% risk of failure)
Press: ? - help, Q - select action Shift-Dir - straight line, f/p - adder
Aim: an adder (almost dead, 48% to hit)
The zap misses the adder.
The zap hits the river rat.
The river rat is almost dead.
The adder bites you.
* * * LOW HITPOINT WARNING * * *
You are lethally poisoned!
The adder poisons you!
Unknown command.
Aiming: Shock (safe; 4% risk of failure)
Press: ? - help, Q - select action Shift-Dir - straight line, f/p - adder
Aim: an adder (almost dead, 48% to hit)
The zap hits the adder.
The adder is almost dead.
The zap hits the river rat.
The river rat is almost dead.
* * * LOW HITPOINT WARNING * * *
You feel sick. The adder bites you.
You die...

######
###....########.#?.#
#≈.....†.r.S@.......
#≈≈≈...##########...
#≈≈≈.r.# #≈≈≈≈.##
#∩≈≈≈.# #######


You could see an adder and a river rat.

Vanquished Creatures
  3 adders
  A river rat (D:3)
  A worm (D:3)
  2 endoplasms (D:1)
  3 giant cockroaches
  3 goblins (D:1)
  4 hobgoblins
  A jackal (D:1)
  8 ball pythons
  5 bats
  3 frilled lizards
  4 kobolds
  2 rats
40 creatures vanquished.

Notes
Turn   | Place    | Note
-------+----------+-------------------------------------------
     0 | D:1      | pkoi the Demigod Air Elementalist began the quest for the
                  | Orb.
     0 | D:1      | Reached XP level 1. HP: 14/14 MP: 5/5
   253 | D:1      | Reached skill level 3 in Air Magic
   669 | D:1      | Reached XP level 2. HP: 20/20 MP: 5/7
  1851 | D:2      | Reached skill level 4 in Air Magic
  1851 | D:2      | Reached XP level 3. HP: 26/26 MP: 1/8
  2423 | D:2      | Found Boonyatuo's General Store.
  2472 | D:3      | Found a glowing drain.
  2490 | D:3      | Slain by an adder

Illustrated notes

Levels and vault maps discovered:
D:1:      dpeg_arrival_brainrot, layout_loops_ring, roderic_lattice_a,
          minmay_distorted
D:2:      layout_rooms, serial_shops, shop, chequers_garden,
          minmay_misc_feat_tower, wander_ebering_terrifying_dragon_lair
D:3:      layout_loops_ring, vehumet_statue,
          chequers_temple_overflow_statue_of_worship, portal_sewer_entry_b,
          minmay_misc_feat_x, serial_bayou_lagoon_b

Skill      XL: |  1  2 |
---------------+-------+-----
Air Magic      | 3 4 |  4.6
Dodging        | |  1.7
Stealth        | |  1.7
Spellcasting   | |  1.7
Conjurations   | |  0.8

Action                   || total
-------------------------++-------
Melee: Short sword       ||    10
       Whip              ||     8
       Punch             ||     1
 Cast: Shock             ||    78
  Use: Scroll            ||     4
       Potion            ||     1
Armor: Robe              ||     8
Dodge: Dodged            ||    30
